 Dungeon Crawl Stone Soup version 0.30-a0-1157-g2cc9ac7196 (webtiles) character file.

Game seed: 13426234352518245012

1334 sircluck the Cleaver (level 8, 0/70 HPs)
             Began as a Hill Orc Fighter on Apr 21, 2023.
             Slain by a vampire (1 damage)
             ... on level 6 of the Dungeon on Apr 24, 2023.
             The game lasted 00:15:06 (6104 turns).

sircluck the Cleaver (Hill Orc Fighter)             Turns: 6104, Time: 00:15:07

Health: 0/70       AC:  9    Str: 21    XL:     8   Next: 61%
Magic:  8/8        EV: 10    Int:  8    God:
Gold:   606        SH:  4    Dex: 10    Spells: 7/7 levels left

rFire   . . .        a - +0 war axe
rCold   . . .        c - +0 buckler
rNeg    . . .        b - +0 scale mail
rPois   .            A - +1 helmet
rElec   .            (no cloak)
rCorr   +            (no gloves)
SInv    .            (no boots)
Will    +....        y - amulet of regeneration
Stlth   x              - ring of willpower
HPRegen 1.11/turn    e - ring of resist corrosion
MPRegen 0.11/turn

%: no passive effects
@: hasted, very quick
A: no striking features
a: no special abilities


You were on level 6 of the Dungeon.
You visited 2 branches of the dungeon, and saw 7 of its levels.
You also visited: Sewer and Ossuary.

You collected 606 gold pieces.

Inventory:

Hand Weapons
 a - a +0 war axe (weapon)
Missiles
 f - a boomerang
 j - 3 poisoned darts
 k - 62 stones (quivered)
 o - a throwing net
Armour
 b - a +0 scale mail (worn)
 c - a +0 buckler (worn)
 A - a +1 helmet (worn)
Jewellery
 e - a ring of resist corrosion (right hand)
 p - an amulet of guardian spirit
 w - an amulet of regeneration
 x - a ring of willpower (left hand)
 y - an amulet of regeneration (around neck)
 B - a ring of ice
Wands
 d - a wand of flame (8)
 F - a wand of charming (5)
Scrolls
 h - 3 scrolls of teleportation
 n - 3 scrolls of identify
 r - a scroll of amnesia
 v - a scroll of noise
 G - a scroll of magic mapping
Potions
 l - 2 potions of mutation
 m - 2 potions of brilliance
 t - a potion of invisibility
 C - a potion of magic


   Skills:
 + Level 6.1 Fighting
 + Level 9.6 Axes
 + Level 0.2 Throwing
 + Level 6.2 Armour
 + Level 1.6 Dodging
 + Level 0.3 Stealth
 + Level 4.4 Shields


You had 7 spell levels left.
You didn't know any spells.
Your spell library contained the following spells:

 Spells                   Type           Power      Damage    Failure   Level
 Apportation              Tloc           0%         N/A       80%         1
 Kiss of Death            Conj/Necr      0%         2d5       80%         1
 Magic Dart               Conj           0%         1d3       80%         1
 Sandblast                Erth           0%         2d4       80%         1
 Summon Small Mammal      Summ           0%         N/A       80%         1
 Blink                    Tloc           0%         N/A       90%         2
 Lesser Beckoning         Tloc           0%         N/A       90%         2
 Momentum Strike          Conj/Tloc      0%         3d8       90%         2
 Searing Ray              Conj           0%         2d4       90%         2
 Call Canine Familiar     Summ           0%         N/A       99%         3
 Confusing Touch          Hex            0%         N/A       99%         3
 Summon Guardian Golem    Hex/Summ       0%         N/A       99%         3
 Dispel Undead            Necr           0%         3d6       100%        4
 Fulminant Prism          Conj/Hex       0%         3d5       100%        4
 Leda's Liquefaction      Hex/Erth       0%         N/A       100%        4
 Borgnjor's Vile Clutch   Necr/Erth      0%         N/A       100%        5
 Iron Shot                Conj/Erth      0%         9d1       100%        6


Dungeon Overview and Level Annotations

Branches:
Dungeon (6/15)             Temple (1/1) D:6           Sewer (visited)
Ossuary (visited)

Altars:
Dithmenos
Hepliaklqana
Kikubaaqudgha
Makhleb
Okawaru
Sif Muna
Uskayaw
Vehumet
Wu Jian
Xom
Yredelemnul
Zin
The Shining One


Message History

Something bites you but does no damage.
You hit something. You closely miss something. Something hits you!
* * * LOW HITPOINT WARNING * * *
Something bites you.
* * * LOW HITPOINT WARNING * * *
Something draws strength from your injuries!
You miss something. Something hits you but does no damage.
Something bites you but does no damage.
You miss something. Something hits you.
* * * LOW HITPOINT WARNING * * *
Something bites you.
* * * LOW HITPOINT WARNING * * *
Something draws strength from your injuries!
You feel better. Something hits you!
* * * LOW HITPOINT WARNING * * *
Something bites you but does no damage.
You feel better.
You barely miss something. Something hits you.
* * * LOW HITPOINT WARNING * * *
Something bites you but does no damage.
You feel better. Something hits you but does no damage.
Something bites you but does no damage.
You closely miss something. You miss something. Something hits you.
* * * LOW HITPOINT WARNING * * *
Something bites you but does no damage.
You miss something. Something hits you but does no damage. Something bites you.
* * * LOW HITPOINT WARNING * * *
Something draws strength from your injuries!
You hit something but do no damage. You hit something but do no damage.
Something hits you.
* * * LOW HITPOINT WARNING * * *
Something bites you!
* * * LOW HITPOINT WARNING * * *
Something draws strength from your injuries!
You slash something! Something hits you.
* * * LOW HITPOINT WARNING * * *
Something bites you.
You die...

...........###.....#
##{## #. ..........##
#.....# #.## ##.
..........# #.....#
#..###.# ..........#
#.....# #######...#.
..........#
#.....###.#..###...#
..........#
##.....##.#.##......#
.........##
#........#.###.##[##.
.........#
#......##.## ##..#.##
#........#
#...@..#### ##.####..
##......## ##.{...#
#.### ### ###...##
##....# ##..#####
##.## ##...# ###...#.
# ### ##..# ###†#. #
#### #.†. ## ########
###. .#
####......##### ## .#
###.............# .


There were no monsters in sight!

Vanquished Creatures
  4 yaks
  Sigmund (D:2)
  A wight (D:6)
  A howler monkey (D:6)
  A hound (D:6)
  An iguana (D:4)
  8 mummies (Ossuary)
  11 river rats
  10 adders
  2 white imps (D:6)
  2 worms (D:2)
  A dart slug (D:1)
  7 orcs (D:5)
  7 bats
  5 endoplasms
  4 giant cockroaches (D:3)
  2 gnoll zombies (Ossuary)
  7 goblins
  6 hobgoblins
  4 jackals
  8 quokkas
  3 training dummies (D:5)
  7 ball pythons
  8 frilled lizards
  3 hobgoblin zombies (Ossuary)
  5 kobolds
  2 kobold zombies (Ossuary)
  An orc zombie (Ossuary)
  28 rats
150 creatures vanquished.

Notes
Turn   | Place    | Note
-------+----------+-------------------------------------------
     0 | D:1      | sircluck the Hill Orc Fighter began the quest for the Orb.
     0 | D:1      | Reached XP level 1. HP: 19/19 MP: 1/1
    10 | D:1      | Found a faded altar of an unknown god.
   180 | D:1      | You fall into a shaft and drop 1 floor!
   195 | D:2      | Reached XP level 2. HP: 27/27 MP: 2/2
   314 | D:1      | Reached skill level 3 in Axes
   557 | D:1      | Reached XP level 3. HP: 32/33 MP: 3/3
  1122 | D:3      | Found a glowing drain.
  1137 | D:3      | Reached XP level 4. HP: 27/40 MP: 4/4
  1159 | Sewer    | Entered a sewer
  1249 | Sewer    | Reached skill level 4 in Axes
  1852 | D:3      | Identified the +4 mace "Usunn" {flame, rC+ Str+3 Int+2
                  | Dex-3}
  1982 | D:3      | Found an ancient bone altar of Kikubaaqudgha.
  1982 | D:3      | Found a shimmering blue altar of Sif Muna.
  1984 | D:3      | Found a radiant altar of Vehumet.
  1989 | D:3      | Got Sif Muna's Directory of Displacement
  2196 | D:2      | You fall into a shaft and drop 1 floor!
  2255 | D:2      | Reached XP level 5. HP: 47/47 MP: 5/5
  2260 | D:2      | Noticed Sigmund
  2269 | D:2      | Killed Sigmund
  2270 | D:2      | Reached skill level 6 in Axes
  2270 | D:2      | Reached XP level 6. HP: 17/53 MP: 6/6
  2569 | D:2      | Found a glowing silver altar of Zin.
  3276 | D:5      | Entered Level 5 of the Dungeon
  3372 | D:5      | Found a shadowy altar of Dithmenos.
  3504 | D:5      | Found Feryahe's Firing Range.
  3766 | D:5      | Upgraded the game from 0.30-a0-1116-gebefce21f7 to
                  | 0.30-a0-1157-g2cc9ac7196
  3829 | D:5      | Found a sand-covered staircase.
  3970 | Ossuary  | Entered an ossuary
  4019 | Ossuary  | Reached skill level 1 in Dodging
  4050 | Ossuary  | Reached skill level 7 in Axes
  4067 | Ossuary  | Reached XP level 7. HP: 56/60 MP: 7/7
  4554 | D:6      | Reached skill level 5 in Fighting
  4619 | D:6      | Noticed a vampire
  4634 | D:6      | Reached skill level 8 in Axes
  4812 | D:6      | Found a staircase to the Ecumenical Temple.
  4826 | D:6      | Noticed a yak
  4826 | D:6      | Noticed a yak
  4826 | D:6      | Noticed a yak
  4826 | D:6      | Noticed a yak
  4843 | Temple   | Entered the Ecumenical Temple
  4854 | Temple   | Killed a yak
  4855 | Temple   | Reached skill level 5 in Armour
  4858 | Temple   | HP: 2/61 [yak (10)]
  4860 | Temple   | Killed a yak
  4861 | Temple   | Reached XP level 8. HP: 34/69 MP: 8/8
  5085 | Temple   | Killed a yak
  5086 | Temple   | Reached skill level 9 in Axes
  5129 | D:6      | Killed a yak
  5150 | D:6      | Got Sinaod's Quarto of Geomancy
  6081 | D:6      | HP: 3/70 [something (9)]
  6084 | D:6      | HP: 1/70 [something (5)]
  6104 | D:6      | HP: 1/70 [something (5)]
  6104 | D:6      | Slain by a vampire

Illustrated notes

Levels and vault maps discovered:
D:1:      lightli_arrival_chessboard, layout_loops_ring, basic_ecumenical_altar,
          minmay_split_cup_small
D:2:      layout_rooms, basic_altar, minmay_pentomino_s2, uniq_sigmund
D:3:      layout_loops_ring, grunt_temple_overflow_magic_moments,
          portal_sewer_entry_f
D:4:      layout_rooms, minivault_4
D:5:      layout_basic, mainiacjoe_overflow_boulevard,
          chequers_ossuary_entry_cave, nicolae_shop_firing_range
D:6:      lemuel_ratsnest, layout_cave_pods, minmay_temple_entry_tees
Temple:   nicolae_temple_godpark

Skill      XL: |  1  2  3  4  5  6  7  8 |
---------------+-------------------------+-----
Axes           | 3 4 6 7 8 9 |  9.6
Fighting       | 4 5 6 |  6.1
Armour         | 4 5 6 |  6.2
Shields        | 4 |  4.4
Dodging        | 1 |  1.6
Throwing       | |  0.2
Stealth        | |  0.3

Action                     |  1- 3 |  4- 6 |  7- 9 || total
---------------------------+-------+-------+-------++-------
  Melee: War axe           |   123 |   158 |   206 ||   487
  Throw: Dart              |       |     2 |       ||     2
         Stone             |       |    10 |       ||    10
  Evoke: Wand              |       |       |    17 ||    17
    Use: Scroll            |       |    12 |     6 ||    18
         Potion            |       |     4 |    22 ||    26
 Armour: Scale mail        |    66 |    60 |   111 ||   237
  Dodge: Dodged            |    69 |    65 |    57 ||   191
  Block: Buckler           |    33 |    31 |    43 ||   107

Table legend: (Time is in decaauts)
 A = Elapsed time spent in this place.
 B = Non-inter-level travel time spent in this place.
 C = Inter-level travel time spent in this place.
 D = Time resting spent in this place.
 E = Time spent auto-exploring this place.
 F = Levels seen in this place.
 G = Mean time per level.
                   A        B        C        D        E       F      G
               +--------+--------+--------+--------+--------+-----+--------+
         Total |   6246 |   5710 |    536 |    451 |   3734 |   9 |  694.0 |
       Dungeon |   5264 |   4742 |    522 |    362 |   3229 |   6 |  877.3 |
        Temple |    256 |    242 |     14 |     66 |    131 |   1 |  256.0 |
         Sewer |    470 |    470 |      0 |     18 |    251 |   1 |  470.0 |
       Ossuary |    255 |    255 |      0 |      5 |    122 |   1 |  255.0 |
               +--------+--------+--------+--------+--------+-----+--------+

Top non-repeatable levels by time:
     D:6: 1344 daAuts
     D:3: 906 daAuts
     D:5: 820 daAuts
     D:2: 792 daAuts
     D:1: 764 daAuts
     D:4: 635 daAuts
   Sewer: 470 daAuts
  Temple: 256 daAuts
 Ossuary: 255 daAuts
